 Dungeon Crawl Stone Soup version 0.30-a0-782-ge64f9170bb (webtiles) character file.

Game seed: 30735962136731621

161 funkygono the Firebug (level 5, -6/28 HPs)
             Began as a Gargoyle Fire Elementalist on Feb 24, 2023.
             Mangled by Crazy Yiuf
             ... wielding a +4 quarterstaff of chaos
              (10 damage)
             ... on level 3 of the Dungeon.
             The game lasted 00:03:57 (3500 turns).

funkygono the Firebug (Gargoyle Fire Elementalist)  Turns: 3500, Time: 00:03:57

Health: -6/28      AC:  7    Str: 12    XL:     5   Next: 42%
Magic:  7/9        EV: 12    Int: 17    God:
Gold:   185        SH:  0    Dex: 10    Spells: 4/10 levels left

rFire   + . .      SeeInvis .    o - +0 mace
rCold   + . .      Faith    .    (no shield)
rNeg    + . .      Spirit   .    a - +0 robe
rPois   ∞          Reflect  .    c - +0 helmet
rElec   +          Harm     .    (no cloak)
rCorr   +          Rampage  .    (no gloves)
Will    .....                    (no boots)
Stlth   ++                       l - amulet of the acrobat
HPRegen 0.24/turn                d - ring of resist corrosion
MPRegen 0.11/turn                (no ring)

@: resistant
A: sickness immunity, AC +4, negative energy resistance 1, electricity
resistance, torment resistance 1, petrification resistance
a: no special abilities


You were on level 3 of the Dungeon.
You visited 1 branch of the dungeon, and saw 3 of its levels.

You collected 185 gold pieces.

Inventory:

Hand Weapons
 o - a +0 mace (weapon)
Armour
 a - a +0 robe (worn)
 c - a +0 helmet (worn)
Jewellery
 d - a ring of resist corrosion (left hand)
 l - an amulet of the acrobat (around neck)
Wands
 j - a wand of paralysis (2)
Scrolls
 e - 2 scrolls of fog {unknown}
 f - 2 scrolls of noise {unknown}
 h - 3 scrolls of fear {unknown}
 i - a scroll of enchant armour {unknown}
 m - 3 scrolls of teleportation {unknown}
 n - 2 scrolls of silence {unknown}
 q - 2 scrolls of identify {unknown}
 u - 2 scrolls of vulnerability {unknown}
Potions
 b - a potion of magic
 g - 3 potions of curing {unknown}
 k - a potion of attraction {unknown}
 p - a potion of might {unknown}
 r - 2 potions of ambrosia {unknown}
 s - a potion of degeneration {unknown}
 t - a potion of heal wounds {unknown}


   Skills:
 + Level 1.7 Dodging
 - Level 2.1 Stealth
 + Level 3.1 Spellcasting
 + Level 3.0 Conjurations
 + Level 4.3 Fire Magic


You had 4 spell levels left.
You knew the following spells:

 Your Spells              Type           Power      Damage    Failure   Level
a - Foxfire               Conj/Fire      60%        2x1d7     3%          1
b - Scorch                Fire           34%        2d7       4%          2
c - Kindle Blastsparks    Fire/Tloc/Air  14%        2d11      28%         3

Your spell library contained the following spells:

 Spells                   Type           Power      Damage    Failure   Level
 Sting                    Tmut/Pois      8%         1d3       17%         1
 Inner Flame              Hex/Fire       10%        N/A       22%         3
 Poisonous Vapours        Pois/Air       4%         N/A       26%         2
 Wereblood                Tmut           2%         N/A       26%         2
 Flame Wave               Conj/Fire      15%        2d7       36%         4
 Olgreb's Toxic Radiance  Pois           2%         N/A       86%         4
 Summon Hydra             Summ           1%         N/A       100%        7
 Sublimation of Blood     Necr           Unusable   N/A       N/A         2

Dungeon Overview and Level Annotations

Branches:
Dungeon (3/15)

Altars:
Uskayaw
Yredelemnul

Annotations:
D:3 Crazy Yiuf


Innate Abilities, Weirdness & Mutations

You are immune to sickness and miasma.
Your stone body is resilient. (AC +4)
You are immune to poison.
You resist negative energy. (rN+)
You are resistant to electric shocks. (rElec)
You are resistant to unholy torment.
You are immune to petrification.


Message History

Found a hammer.
Found a runed translucent door.
Crazy Yiuf shouts!
Could not explore, unopened runed door.
You open the door.
Casting: Foxfire (safe; 3% risk of failure)
Confirm with . or Enter, or press ? or * to list all spells.
Flames lash Crazy Yiuf.
Crazy Yiuf is lightly wounded.
Crazy Yiuf's fire resistance burns away.
Casting: Scorch (safe; 4% risk of failure)
Confirm with . or Enter, or press ? or * to list all spells.
Flames lash Crazy Yiuf.
Crazy Yiuf is burned terribly!
Crazy Yiuf is moderately wounded.
Crazy Yiuf hits you with a +4 quarterstaff of chaos.
Crazy Yiuf burns you.
Casting: Scorch (safe; 4% risk of failure)
Confirm with . or Enter, or press ? or * to list all spells.
Flames lash Crazy Yiuf.
Crazy Yiuf is burned terribly!
Crazy Yiuf is heavily wounded.
Crazy Yiuf hits you with a +4 quarterstaff of chaos.
You feel protected.
Casting: Scorch (safe; 4% risk of failure)
Confirm with . or Enter, or press ? or * to list all spells.
Flames lash Crazy Yiuf.
Crazy Yiuf is heavily wounded.
Crazy Yiuf hits you with a +4 quarterstaff of chaos!
Crazy Yiuf freezes you.
Casting: Scorch (safe; 4% risk of failure)
Confirm with . or Enter, or press ? or * to list all spells.
You don't have enough magic to cast this spell.
Magic courses through your body.
Crazy Yiuf hits you with a +4 quarterstaff of chaos!
* * * LOW HITPOINT WARNING * * *
You resist with some effort.
Casting: Scorch (safe; 4% risk of failure)
Confirm with . or Enter, or press ? or * to list all spells.
Flames lash Crazy Yiuf.
Crazy Yiuf is burned terribly!
Crazy Yiuf is almost dead.
Crazy Yiuf hits you with a +4 quarterstaff of chaos!
You die...

##..#####.......####
#....# #..........#
#..P.# #..........'
#.P.## #..........#
##.## #..........#
#.## #..........#
##.# #...........
#.## #..........#
##@# #..........#
#g# #..........# ...
#..........# #...#
#..........# #..)#
#..........# #####
#..........#
#..........#
#.....###### #######


You could see Crazy Yiuf (combustible).

Vanquished Creatures
  Jessica (D:3)
  Robin (D:3)
  3 gnolls (D:3)
  An adder (D:2)
  2 adder zombies (D:3)
  A worm (D:2)
  2 dart slugs (D:1)
  An orc (D:3)
  2 endoplasms
  A giant cockroach (D:2)
  14 goblins
  7 hobgoblins
  2 quokkas
  9 ball pythons
  10 bats
  5 frilled lizards
  9 kobolds
  5 rats
76 creatures vanquished.

Vanquished Creatures (others)
  205 foxfires
  A fungus (D:3)
206 creatures vanquished.

Grand Total: 282 creatures vanquished

Notes
Turn   | Place    | Note
-------+----------+-------------------------------------------
     0 | D:1      | funkygono the Gargoyle Fire Elementalist began the quest
                  | for the Orb.
     0 | D:1      | Reached XP level 1. HP: 10/10 MP: 3/3
   255 | D:1      | Reached XP level 2. HP: 15/15 MP: 1/5
   258 | D:1      | Learned a level 2 spell: Scorch
   724 | D:1      | Reached XP level 3. HP: 18/19 MP: 2/6
   728 | D:1      | Learned a level 3 spell: Kindle Blastsparks
   990 | D:2      | Found a hide-covered altar of Uskayaw.
  1836 | D:2      | Reached XP level 4. HP: 24/24 MP: 6/8
  2204 | D:3      | Found a faded altar of an unknown god.
  2442 | D:3      | Noticed Robin
  2443 | D:3      | Reached skill level 4 in Fire Magic
  2666 | D:3      | Killed Robin
  2667 | D:3      | Reached XP level 5. HP: 28/28 MP: 2/9
  2938 | D:3      | Found a basalt altar of Yredelemnul.
  3068 | D:3      | Noticed Jessica
  3071 | D:3      | Killed Jessica
  3490 | D:3      | Found a runed translucent door.
  3491 | D:3      | Noticed Crazy Yiuf
  3500 | D:3      | Mangled by Crazy Yiuf

Illustrated notes

Levels and vault maps discovered:
D:1:      zelgadis_glass_arrival_small, layout_rooms, minivault_25,
          minmay_misc_feat_five
D:2:      layout_basic, basic_altar, minmay_vboxes
D:3:      layout_basic, lemuel_zombie_altar_yredelemnul,
          shapermc_ecumenical_altar_starsandcircs, uniq_crazy_yiuf_cottage,
          uniq_robin, uniq_jessica

Skill      XL: |  1  2  3  4  5 |
---------------+----------------+-----
Conjurations   | 2 3 |  3.0
Fire Magic     | 4 |  4.3
Spellcasting   | 3 |  3.1
Dodging        | |  1.7
Stealth        | |  2.1

Action                     |  1- 3 |  4- 6 || total
---------------------------+-------+-------++-------
  Melee: Unarmed           |     1 |       ||     1
         Mace              |       |     3 ||     3
   Cast: Foxfire           |    60 |    54 ||   114
         Scorch            |     4 |    19 ||    23
    Use: Potion            |       |     1 ||     1
 Armour: Robe              |     9 |    21 ||    30
  Dodge: Dodged            |    20 |    22 ||    42

Table legend: (Time is in decaauts)
 A = Elapsed time spent in this place.
 B = Non-inter-level travel time spent in this place.
 C = Inter-level travel time spent in this place.
 D = Time resting spent in this place.
 E = Time spent auto-exploring this place.
 F = Levels seen in this place.
 G = Mean time per level.
                   A        B        C        D        E       F      G
               +--------+--------+--------+--------+--------+-----+--------+
         Total |   3504 |   3436 |     68 |    120 |   2834 |   3 | 1168.0 |
       Dungeon |   3504 |   3436 |     68 |    120 |   2834 |   3 | 1168.0 |
               +--------+--------+--------+--------+--------+-----+--------+

Top non-repeatable levels by time:
     D:2: 1405 daAuts
     D:3: 1116 daAuts
     D:1: 982 daAuts
